Map: Éphémèrion EC

Players

Beowulf

  • Race: Zerg Zerg
  • League: Master
  • Spawn Location: 5:00

zuka - Winner!

  • Race: Protoss Protoss
  • League: Master
  • Spawn Location: 11:00

VOD

Have the link to the VOD?

Description

Time

  • Played on: Oct. 18, 2019, 1:42 p.m.
  • Length: 4:51
Show
View Real Time Build Order
Export as new Build Order

Beowulf Zerg 

Build Orders: Hatch First 

Get SALT Encoding   

  12  0:01  Drone  
  13  0:12  Overlord  
  13  0:17  Drone  
  14  0:30  Drone x2  
  16  0:48  Hatchery  
  15  0:51  Drone  
  15  0:55  Drone  
  17  0:59  Drone  
  18  1:10  Extractor  
  17  1:14  Spawning Pool  
  17  1:17  Drone  
  17  1:20  Drone  
  18  1:28  Drone  
  19  1:38  Drone  
  20  1:49  Drone  
  21  2:01  Queen x2  
  21  2:02  Overlord  
  21  2:03  Zergling x2  
  26  2:11  Drone  
  26  2:14  Drone  
  28  2:22  Spine Crawler  
  27  2:24  Spine Crawler  
  27  2:25  Spine Crawler  
  17  3:11  Queen  
  19  3:21  Evolution Chamber  
  19  3:24  Evolution Chamber, Drone  
  20  3:27  Drone  
  16  3:59  Spine Crawler  
  15  4:07  Queen  
  13  4:33  Drone x2  
Show
View Real Time Build Order
Export as new Build Order

zuka Protoss - Winner!

Build Orders:  

Get SALT Encoding   

  12  0:00  Probe  
  13  0:12  Probe  
  14  0:25  Probe  
  15  0:31  Pylon  
  15  0:50  Gateway  
  15  0:52  Gateway  
  15  0:58  Gateway  
  15  1:09  Gateway  
  15  1:16  Pylon  
  15  1:39  Zealot (Chrono Boost)  
  19  1:46  Zealot (Chrono Boost)  
  21  1:47  Zealot (Chrono Boost)  
  21  1:58  Zealot x2 (Chrono Boost)  
  25  2:02  Zealot  
  27  2:09  Pylon  
  27  2:15  Zealot  
  28  2:30  Zealot  
  30  2:38  Zealot (Chrono Boost)  
  32  2:44  Zealot (Chrono Boost)  
  34  2:52  Zealot (Chrono Boost)  
  34  2:57  Zealot (Chrono Boost)  
  36  3:10  Pylon  
  38  3:13  Zealot (Chrono Boost)  
  38  3:28  Zealot x2  
  42  3:39  Zealot (Chrono Boost)  
  42  3:40  Zealot (Chrono Boost)  
  32  3:57  Zealot (Chrono Boost)  
  36  4:03  Zealot (Chrono Boost)  
  36  4:09  Zealot (Chrono Boost)  
  40  4:10  Zealot (Chrono Boost)  
  40  4:15  Zealot  
  42  4:24  Zealot  
Tags
 
Add a new tag
Caveats
  • Supply blocks, unpowered buildings, or Contaminate may cause inaccurate times.
  • Supply counts are checked every 10 seconds.